 Dungeon Crawl Stone Soup version 0.16.2-12-gd0ad4c3 (webtiles) character file.

102 SlimeFever the Firebug (level 4, -2/33 HPs)
             Began as a Draconian Fire Elementalist on Oct 4, 2015.
             Slain by an orc wizard
             ... wielding a +0 dagger
              (4 damage)
             ... on level 3 of the Dungeon.
             The game lasted 00:18:09 (1754 turns).

SlimeFever the Firebug (DrFE)                       Turns: 1754, Time: 00:18:09

Health: -2/33      AC:  6    Str: 10    XL:     4   Next: 49%
Magic:  2/8        EV: 12    Int: 17    God:
Gold:   97         SH:  3    Dex: 11    Spells: 2 memorised, 5 levels left

rFire  . . .     SeeInvis .     i - +0 whip
rCold  . . .     Clarity  .     (armour unavailable)
rNeg   . . .     SustAb   .     s - +0 buckler
rPois  .         Gourm    .     (helmet restricted)
rElec  .         Spirit   .     (no cloak)
rCorr  .         Warding  .     (no gloves)
rMut   .         Stasis   +     h - +0 pair of boots
MR     .....                    l - amulet of stasis
Stlth  ++........               (no ring)
                                q - ring of wizardry

@: not resistant to hostile enchantments, unstealthy
A: unfitting armour, cold-blooded, AC +5
a: no special abilities


You were on level 3 of the Dungeon.
You were not hungry.

You visited 1 branch of the dungeon, and saw 3 of its levels.

You collected 97 gold pieces.

Inventory:

Hand weapons
 a - a +0 hand axe
 g - a +0 hunting sling
 i - a +0 whip (weapon)
Missiles
 d - 15 silver sling bullets
 e - 11 bolts of penetration
 f - 11 sling bullets of flame
 m - 23 arrows
 n - 17 sling bullets
Armour
 h - a +0 pair of boots (worn)
 p - a +0 large shield
 s - a +0 buckler (worn)
Jewellery
 l - an amulet of stasis (around neck)
 q - a ring of wizardry (left hand)
Scrolls
 k - 2 scrolls of identify
 o - a scroll of magic mapping
 r - 2 scrolls of remove curse
Books
 b - a book of Flames

   Spells                             Type                      Level
   a - Flame Tongue                   Conjuration/Fire             1
   b - Throw Flame                    Conjuration/Fire             2
   c - Conjure Flame                  Conjuration/Fire             3
   d - Inner Flame                    Hexes/Fire                   3
   e - Sticky Flame                   Conjuration/Fire             4
   f - Fireball                       Conjuration/Fire             5
Comestibles
 c - a bread ration
 j - 2 meat rations


   Skills:
 + Level 0.2 Fighting
 - Level 0.6 Axes
 + Level 0.2(0.4) Maces & Flails
 + Level 2.5 Dodging
 + Level 2.0 Stealth
 * Level 0.8 Shields
 * Level 2.7 Spellcasting
 + Level 1.5 Conjurations
 + Level 3.6 Fire Magic


You had 5 spell levels left.
You knew the following spells:

 Your Spells              Type           Power        Failure   Level  Hunger
a - Flame Tongue          Conj/Fire      ##...        4%          1    #......
b - Throw Flame           Conj/Fire      ##....       7%          2    ##.....


Dungeon Overview and Level Annotations

Branches:
Dungeon (3/15)

Altars:


Innate Abilities, Weirdness & Mutations

Your plain brown scales are hard (AC +5).
Your body does not fit into most forms of armour.
Your cold-blooded metabolism reacts poorly to cold.


Message History

The tomahawk barely misses you.
You hit something.
Your tail-slap misses something.
Something hits you but does no damage.
The orc throws a tomahawk.
Something hits you but does no damage.
You hit something. Something hits you.
* * * LOW HITPOINT WARNING * * *
You closely miss something.
Your tail-slap misses something.
You hear some strange, mumbled words.
The puff of frost hits you!
* * * LOW HITPOINT WARNING * * *
Something hits you.
* * * LOW HITPOINT WARNING * * *
As you read the scroll of fog, it crumbles to dust.
The scroll dissolves into smoke.
Something hits you.
* * * LOW HITPOINT WARNING * * *
You see here a hand axe.
Something hits you but does no damage.
You see here a stone.
Something hits you.
You die...

. ...
#######..!)..
#§o§§§§...<..
#§#####......
#{# ... #@# .
#.# #.# #.#
##. #.# ...
#.# ##. #.#
#. #.# ## #.#


There were no monsters in sight!

Vanquished Creatures
  An orc priest (D:3)
  An adder (D:2)
  2 worms
  An ooze (D:2)
  A giant gecko (D:1)
  An orc (D:3)
  5 bats
  7 hobgoblins
  4 jackals (D:3)
  8 kobolds
  A quokka (D:2)
  A ball python (D:1)
  3 giant cockroaches
  6 goblins
  6 rats
48 creatures vanquished.

Notes
Turn   | Place    | Note
--------------------------------------------------------------
     0 | D:1      | SlimeFever, the Draconian Fire Elementalist, began the quest for the Orb.
     0 | D:1      | Reached XP level 1. HP: 14/14 MP: 3/3
   339 | D:1      | Reached XP level 2. HP: 15/20 MP: 2/4
   711 | D:1      | Learned a level 2 spell: Throw Flame
   867 | D:2      | Reached XP level 3. HP: 23/26 MP: 0/6
  1655 | D:3      | Reached XP level 4. HP: 33/33 MP: 0/8
  1749 | D:3      | HP: 1/33 [something (2)]
  1754 | D:3      | Slain by an orc wizard

Action                   |  1- 3 |  4- 6 || total
-------------------------+-------+-------++-------
Melee: Hand axe          |    73 |       ||    73
       Unarmed           |     4 |       ||     4
       Whip              |     6 |    34 ||    40
 Cast: Flame Tongue      |    42 |     7 ||    49
       Throw Flame       |     7 |     1 ||     8
  Use: Scroll            |     6 |     1 ||     7
  Eat: Fruit             |     4 |       ||     4
       Royal jelly       |     1 |       ||     1
